[Event "Team 45 45 League T50"]
[Site "Internet Chess Club"]
[Date "2011.09.18"]
[Round "6"]
[White "Ivio"]
[Black "kidviper"]
[Result "1-0"]
[WhiteElo "1741"]
[BlackElo "1928"]
[Opening "French: Steinitz variation"]
[ECO "C11"]
[Time "14:09:49"]
[TimeControl "2700+45"]

1. d4 Nf6 2. Nc3 e6 3. e4 d5 4. e5 Nfd7 5. Nf3 c5 6. Bg5 Qb6 7. Na4 Qa5+ 8. c3
Nc6 9. Bd2 cxd4 10. cxd4 Bb4 11. Nc3 Qb6 12. a3 Be7 13. Na4 Qd8 14. Bd3 Nb6 15.
Nxb6 Qxb6 16. Bc3 Bd7 17. Qd2 O-O-O 18. Rc1 Kb8 19. O-O f5 20. b4 a6 21. Rb1 Qa7
22. b5 axb5 23. Rxb5 Rc8 24. Rfb1 Bd8 25. Qb2 Rc7 26. Qd2 Rc8 27. Qe1 Ne7 28.
Rxb7+ Qxb7 29. Ba6 Bb6 30. Bxb7 Kxb7 31. Ba5 Rc6 32. Qb4 Nc8 33. Ng5 Be8 34.
Bxb6 Rxb6 35. Qe1 Bd7 36. Rxb6+ Nxb6 37. Nf7 Nc4 38. Nxh8 Be8 39. Qb4+ Kc8 40.
Qe7 Bd7 41. Nf7 Nb6 42. Qd8+ Kb7 43. Nd6+ Kc6 44. Qe7 Nc4 45. a4 Na5 46. Qd8 Nc4
47. a5 g5 48. a6 Nb6 49. a7 g4 50. a8=Q+ Nxa8 51. Qxa8+ Kb6 52. Qb7+ Ka5 53.
Qxd7 Kb4 54. Qb5+ Kc3 55. Qc5+ Kd3 56. Kf1 g3 57. hxg3 f4 58. gxf4 h5 59. Nb5 h4
60. Qc3+ Ke4 61. Qe3+ Kf5 62. Nd6+ Kg6 63. Qd3+ Kg7 64. Ne8+ Kh6 65. f5 h3 66.
Qxh3+ Kg5 67. f6 Kf4 68. Qf3+ Kg5 69. Qg3+ Kh6 70. Qg7+ Kh5 71. g4+ Kh4 72. f7
Kh3 73. f8=R Kh4 74. Rh8# {Black checkmated} 1-0

[Event "Team 45 45 League T50"]
[Site "Internet Chess Club"]
[Date "2011.09.19"]
[Round "6"]
[White "RD1974"]
[Black "Salvatore"]
[Result "1-0"]
[WhiteElo "1735"]
[BlackElo "1555"]
[Opening "Sicilian: closed, 6.Be3"]
[ECO "B26"]
[Time "18:26:04"]
[TimeControl "2700+45"]

1. e4 c5 2. Nc3 g6 3. g3 Bg7 4. Bg2 Nc6 5. d3 d6 6. Be3 Nf6 7. Qd2 Ng4 8. Bg5 h6
9. Bf4 g5 10. Be3 Nxe3 11. fxe3 Bg4 12. h3 Bh5 13. g4 Bg6 14. Nge2 e6 15. O-O-O
Qb6 16. d4 Nb4 17. a3 cxd4 18. exd4 Nc6 19. e5 dxe5 20. d5 Nd4 21. dxe6 O-O-O
22. Nd5 Qc5 23. Nxd4 exd4 24. Nb4 fxe6 25. Nd3 Qb6 26. Rhe1 Rhe8 27. Be4 Bf7 28.
Rf1 Bg8 29. Rde1 Kb8 30. Kb1 a5 31. Re2 Bf8 32. Ne5 Bxa3 33. Nc4 Qb4 34. Nxa3
Qxd2 35. Rxd2 e5 36. Rf6 Re6 37. Rdf2 Red6 38. Rxd6 {Black resigns} 1-0

[Event "Team 45 45 League T50"]
[Site "Internet Chess Club"]
[Date "2011.09.19"]
[Round "6"]
[White "Chess2Play"]
[Black "kidcobra"]
[Result "0-1"]
[WhiteElo "1584"]
[BlackElo "1620"]
[Opening "King's Indian: orthodox, 7...Nbd7"]
[ECO "E94"]
[Time "09:01:07"]
[TimeControl "2700+45"]

1. d4 Nf6 2. c4 g6 3. Nc3 Bg7 4. e4 d6 5. Nf3 O-O 6. Be2 Nbd7 7. O-O e5 8. dxe5
dxe5 9. Bg5 c6 10. Re1 Qc7 11. Qd2 Nc5 12. Bxf6 Bxf6 13. Rad1 Bg4 14. Qd6 Qxd6
15. Rxd6 Bxf3 16. Bxf3 Be7 17. Rd2 Rad8 18. Red1 Rxd2 19. Rxd2 Rd8 20. Rxd8+
Bxd8 21. b4 Ne6 22. b5 Nd4 23. bxc6 Nxf3+ 24. gxf3 bxc6 25. Kf1 Kf8 26. Ke2 Ke7
27. Ke3 Kd6 28. f4 f6 29. fxe5+ fxe5 30. f4 Bf6 31. f5 g5 32. h3 Kc5 33. Kd3 h5
34. Ne2 g4 35. hxg4 hxg4 36. Kc3 a5 37. a3 Bh4 38. Kd3 a4 39. Ng1 Bf2 40. Ne2 g3
41. Kd2 g2 42. f6 Kd6 43. c5+ Bxc5 44. f7 Ke7 {White resigns} 0-1

[Event "Team 45 45 League T50"]
[Site "Internet Chess Club"]
[Date "2011.09.19"]
[Round "6"]
[White "cys456"]
[Black "krysto"]
[Result "1-0"]
[WhiteElo "1644"]
[BlackElo "1602"]
[Opening "French: advance, Euwe variation"]
[ECO "C02"]
[Time "20:33:37"]
[TimeControl "2700+45"]

1. e4 e6 2. d4 d5 3. e5 c5 4. c3 Nc6 5. Nf3 Bd7 6. Bd3 cxd4 7. cxd4 Qb6 8. Be2
Nge7 9. a3 Nf5 10. b4 Be7 11. Nc3 a6 12. Be3 O-O 13. Na4 Qc7 14. O-O f6 15. Bf4
fxe5 16. Bxe5 Nxe5 17. dxe5 Bxa4 18. Qxa4 b5 19. Qb3 Rac8 20. Rac1 Qb6 21. Qd3
Qb8 22. Nd4 Nxd4 23. Qxd4 Bg5 24. Rxc8 Rxc8 25. Bg4 Kf7 26. f4 Bd8 27. Qd3 g6
28. Qh3 Qb6+ 29. Kh1 h5 30. Be2 Qd4 31. g4 Rc3 32. Qg2 hxg4 33. Qxg4 Rxa3 34.
Rg1 Ra1 35. Qxg6+ Ke7 36. Qg7+ Ke8 37. Bh5# {Black checkmated} 1-0

[Event "Team 45 45 League T50"]
[Site "Internet Chess Club"]
[Date "2011.09.22"]
[Round "6"]
[White "Tamarin"]
[Black "zepled37"]
[Result "1-0"]
[WhiteElo "1881"]
[BlackElo "1644"]
[Opening "QGD: Tarrasch, Prague variation, 9.Bg5"]
[ECO "D34"]
[Time "05:11:50"]
[TimeControl "2700+45"]

1. d4 d5 2. c4 e6 3. Nc3 c5 4. cxd5 exd5 5. Nf3 Nc6 6. g3 Nf6 7. Bg2 Be7 8. O-O
O-O 9. Bg5 cxd4 10. Nxd4 h6 11. Be3 Re8 12. Rc1 Bg4 13. h3 Be6 14. Nxc6 bxc6 15.
Na4 Bd7 16. Nc5 Bf8 17. Qc2 Rc8 18. Rfd1 Qc7 19. Bd4 Nh7 20. e4 Bxc5 21. Bxc5
Ng5 22. exd5 cxd5 23. h4 Ne6 24. b4 a5 25. a3 axb4 26. axb4 Qe5 27. Rxd5 Qc7 28.
Qd3 Bc6 29. Rd6 Bxg2 30. Kxg2 Red8 31. Rxd8+ Rxd8 32. Qe3 Rc8 33. Kh2 Qc6 34.
Rc3 Qb5 35. Qe5 Qa6 36. Bd4 Nxd4 37. Rxc8+ Qxc8 38. Qxd4 Qb7 39. Qc5 h5 40. b5
Qb8 41. b6 {Black resigns} 1-0

[Event "Team 45 45 League T50"]
[Site "Internet Chess Club"]
[Date "2011.09.19"]
[Round "6"]
[White "bmw2002"]
[Black "badmove"]
[Result "1-0"]
[WhiteElo "1562"]
[BlackElo "1730"]
[Opening "English opening"]
[ECO "A20"]
[Time "05:15:18"]
[TimeControl "2700+45"]

1. c4 e5 2. g3 Nf6 3. Bg2 d5 4. cxd5 Nxd5 5. Nf3 Nc6 6. O-O Be7 7. d4 exd4 8.
Nxd4 Nxd4 9. Qxd4 Nf6 10. Qa4+ c6 11. Rd1 Qb6 12. Nc3 O-O 13. e4 Be6 14. Be3 Bc5
15. Bxc5 Qxc5 16. Rac1 Qb6 17. Qc2 Rfd8 18. Na4 Rxd1+ 19. Rxd1 Qc7 20. b4 Rd8
21. Rb1 Rd4 22. a3 Qd8 23. Nc5 Bc8 24. b5 Rd2 25. Qc3 Rd1+ 26. Rxd1 Qxd1+ 27.
Bf1 Bh3 28. Qd3 Qxf1+ 29. Qxf1 Bxf1 30. Kxf1 cxb5 31. e5 b6 32. Nd3 Nd5 33. Ke2
Kf8 34. Kd2 Ke7 35. Kc2 a6 36. Nb4 Nxb4+ 37. axb4 Ke6 38. f4 Kd5 39. Kd3 a5 40.
Kc3 Ke4 41. bxa5 bxa5 42. Kb3 Kf3 43. f5 Ke4 44. e6 {Black resigns} 1-0

[Event "Team 45 45 League T50"]
[Site "Internet Chess Club"]
[Date "2011.09.16"]
[Round "6"]
[White "Monsieur"]
[Black "GoIrish"]
[Result "1-0"]
[WhiteElo "1571"]
[BlackElo "1588"]
[Opening "Trompowsky attack (Ruth, Opocenský opening)"]
[ECO "A45"]
[Time "21:02:14"]
[TimeControl "2700+45"]

1. d4 Nf6 2. Bg5 g6 3. Bxf6 exf6 4. Nc3 Bg7 5. e4 O-O 6. Nf3 d6 7. Be2 Nc6 8. d5
Ne5 9. Nxe5 fxe5 10. O-O f5 11. f3 f4 12. Kh1 g5 13. a4 Rf6 14. Rg1 Rh6 15. g4
fxg3 16. Rxg3 Qf6 17. Qg1 Rg6 18. Nb5 Qe7 19. c4 a6 20. Nc3 h5 21. b4 h4 22. Rg2
Bh3 23. Rf2 Rf8 24. Nd1 Bh6 25. Bf1 Qd7 26. Bxh3 Qxh3 27. Qg2 Qxg2+ 28. Kxg2
Rgf6 29. Raa2 h3+ 30. Kg3 Rf4 31. Rae2 R4f7 32. a5 Rh7 33. Kxh3 Rff7 34. Kg2
Rfg7 35. Kh1 g4 36. fxg4 Rxg4 37. Rg2 Rhg7 38. b5 Rxg2 39. Rxg2 Rxg2 40. Kxg2
Bd2 41. Kg3 Bxa5 42. Kg4 Bd2 43. Kf5 Kf7 44. Nb2 a5 45. b6 cxb6 46. Na4 Be3 47.
h4 Kg7 48. Ke6 Bc5 49. Nxc5 bxc5 50. Kxd6 a4 51. Ke6 a3 52. d6 a2 53. d7 a1=Q
54. d8=Q Qa6+ 55. Kd5 b5 56. Qe7+ Kg6 57. Qe8+ Kf6 58. cxb5 Qa2+ 59. Kc6 c4 60.
Qf8+ Kg6 61. Qf5+ Kh6 62. Qg5+ Kh7 63. h5 Qa8+ 64. Kc5 Qc8+ 65. Kb4 c3 66. Kb3
Qc5 67. Qg6+ Kh8 68. Qc6 Qe3 69. h6 c2+ 70. Kxc2 Qe2+ 71. Kb3 Qe3+ 72. Ka4 Qd4+
73. Ka5 Qa7+ 74. Qa6 Qc7+ 75. Qb6 Qc3+ 76. Ka6 Qa3+ 77. Kb7 Qe7+ 78. Qc7 Qf7 79.
b6 {Black resigns} 1-0

[Event "Team 45 45 League T50"]
[Site "Internet Chess Club"]
[Date "2011.09.17"]
[Round "6"]
[White "AlPearson"]
[Black "Lee-D"]
[Result "1/2-1/2"]
[WhiteElo "1293"]
[BlackElo "1291"]
[Opening "English: Caro-Kann defensive system"]
[ECO "A11"]
[Time "10:06:00"]
[TimeControl "2700+45"]

1. c4 c6 2. g3 Nf6 3. Bg2 e6 4. Nc3 d5 5. cxd5 cxd5 6. d4 Bd6 7. Nf3 O-O 8. O-O
Bd7 9. a4 Nc6 10. b3 Nb4 11. Ba3 a5 12. Qd2 Rc8 13. Rfc1 Rc7 14. Na2 Rxc1+ 15.
Rxc1 Qe7 16. Ne5 Rc8 17. Rxc8+ Bxc8 18. Nd3 Nxa2 19. Bxd6 Qxd6 20. Qxa2 Qc7 21.
Qd2 Bd7 22. Ne5 Be8 23. g4 Nd7 24. e4 Nxe5 25. dxe5 dxe4 26. Bxe4 Bc6 27. Bxc6
bxc6 28. Qc3 Kf8 29. Qc5+ Ke8 30. f4 f6 31. exf6 gxf6 32. Qh5+ Kf8 33. Qh6+ Qg7
34. Qxg7+ Kxg7 35. Kf2 Kg6 36. Ke3 f5 37. g5 h6 38. h4 hxg5 39. hxg5 c5 40. Kf3
e5 41. fxe5 Kxg5 42. Kg3 f4+ 43. Kf3 Kf5 44. e6 Kxe6 45. Kxf4 Kd5 46. Ke3 c4 47.
bxc4+ Kxc4 48. Ke4 Kb4 49. Kd4 Kxa4 50. Kc4 Ka3 51. Kc3 Ka2 52. Kc2 a4 53. Kc1
Kb3 54. Kb1 a3 55. Ka1 {Game drawn by mutual agreement} 1/2-1/2

[Event "Team 45 45 League T50"]
[Site "Internet Chess Club"]
[Date "2011.09.20"]
[Round "6"]
[White "hidemitsu"]
[Black "MikeA"]
[Result "1/2-1/2"]
[WhiteElo "2261"]
[BlackElo "2235"]
[Opening "King's Indian: London system"]
[ECO "A45"]
[Time "21:00:47"]
[TimeControl "2700+45"]

1. d4 Nf6 2. Bf4 g6 3. Nf3 Bg7 4. e3 O-O 5. h3 d6 6. c4 Nc6 7. Nc3 Re8 8. Be2
Bd7 9. O-O e5 10. Bh2 exd4 11. exd4 a5 12. Re1 a4 13. a3 b6 14. Qc2 Bf5 15. Bd3
Bxd3 16. Qxd3 Qd7 17. d5 Ne7 18. Nd4 Nf5 19. Nxf5 Qxf5 20. Qxf5 gxf5 21. Nb5
Rac8 22. f3 Bh6 23. Kf2 Kf8 24. Nd4 Bg5 25. Nxf5 Nd7 26. Red1 Nc5 27. h4 Bf6 28.
Rab1 Rb8 29. g4 Be5 30. f4 Bg7 31. Ne3 b5 32. f5 bxc4 33. Nxc4 Be5 34. Bxe5 dxe5
35. g5 e4 36. Ke3 Rb3+ 37. Kd4 Nd7 38. h5 Rg3 39. g6 hxg6 40. fxg6 fxg6 41. hxg6
Rxg6 42. Rg1 Rxg1 43. Rxg1 Kf7 44. d6 c5+ 45. Kd5 Nf6+ 46. Kxc5 e3 47. d7 Nxd7+
48. Kd4 Re6 49. Nxe3 Rd6+ 50. Kc3 Rb6 51. Nd5 Rb3+ 52. Kc2 Nc5 53. Nc3 Rb6 54.
Rg4 Ra6 55. Rc4 Ra5 56. Ne4 Nxe4 57. Rxe4 Kf6 58. Kc3 Kf5 59. Kb4 Ra6 60. Kb5
Ra8 61. Rxa4 Rb8+ 62. Kc6 Rxb2 63. Rc4 Ra2 64. a4 Ke6 65. Re4+ Kf5 66. Rb4 Ke6
67. Kb6 Kd7 68. a5 Kc8 69. Ka6 Ra1 70. Rb5 Rc1 71. Ka7 Rc7+ 72. Ka8 Rc6 73. Rb6
Rc5 74. a6 Kc7 75. Rb7+ Kc8 76. a7 Rc6 77. Rb8+ Kc7 78. Rb7+ Kc8 79. Rc7+ Kxc7
{White stalemated} 1/2-1/2

[Event "Team 45 45 League T50"]
[Site "Internet Chess Club"]
[Date "2011.09.19"]
[Round "6"]
[White "Kueh"]
[Black "Catweazle"]
[Result "1/2-1/2"]
[WhiteElo "1983"]
[BlackElo "1921"]
[Opening "Philidor: Nimzovich (Jaenisch) variation"]
[ECO "C41"]
[Time "16:00:24"]
[TimeControl "2700+45"]

1. e4 e5 2. Nf3 d6 3. d4 Nf6 4. Bd3 Nbd7 5. O-O Be7 6. b3 c6 7. Re1 Qc7 8. Bb2
O-O 9. a4 Re8 10. Nbd2 exd4 11. Nxd4 Ne5 12. f4 Nxd3 13. cxd3 Bg4 14. Qc2 Bd7
15. Qd1 Bg4 16. Qc2 Bd7 17. Nf1 Nh5 18. Qf2 c5 19. Ne2 Bf6 20. Nc3 Bd4 21. Ne3
Nf6 22. Ncd5 Nxd5 23. Bxd4 Nxe3 24. Bxe3 Qb6 25. Rab1 Qa6 26. Qc2 Rac8 27. Bc1
d5 28. Bb2 dxe4 29. dxe4 c4 30. Qc3 f6 31. a5 cxb3 32. Qxb3+ Kh8 33. Qb4 Rc4 34.
Qd2 Qc6 35. Rbd1 Bg4 36. Rc1 Rxc1 37. Bxc1 Qc5+ 38. Kh1 b6 39. h3 Be6 40. axb6
Qxb6 41. e5 fxe5 42. Rxe5 Bf7 43. Bb2 Rxe5 44. Bxe5 Be6 45. Kh2 Kg8 46. Bd4 Qd6
47. Qe3 a5 48. Be5 Qd7 49. Qb6 a4 50. Qb8+ Qc8 51. Qa7 Qd7 52. Qa8+ Kf7 53. Qh8
Kg6 54. Qf8 h6 55. Kg3 Qf7 56. Qb4 Qd7 57. Bb2 h5 58. Kh2 {Game drawn by mutual
agreement} 1/2-1/2

[Event "Team 45 45 League T50"]
[Site "Internet Chess Club"]
[Date "2011.09.19"]
[Round "6"]
[White "Freitac"]
[Black "primerpaso"]
[Result "0-1"]
[WhiteElo "1859"]
[BlackElo "1907"]
[Opening "Catalan: closed, 7.Qc2"]
[ECO "E08"]
[Time "19:34:23"]
[TimeControl "2700+45"]

1. d4 Nf6 2. c4 e6 3. g3 d5 4. Nf3 Be7 5. Bg2 O-O 6. O-O Nbd7 7. Qc2 dxc4 8.
Qxc4 c5 9. Nc3 Nb6 10. Qd3 cxd4 11. Qxd4 Nfd5 12. Nxd5 exd5 13. Bf4 Be6 14. Rac1
Bf6 15. Be5 Bxe5 16. Nxe5 Qe7 17. Rc3 Rac8 18. Rfc1 f6 19. Rxc8 Rxc8 20. Rxc8+
Nxc8 21. Nf3 Qd7 22. b3 b6 23. Qc3 Nd6 24. Nd4 Nb5 25. Qe3 Nxd4 26. Qxd4 Qc6 27.
Qd2 Qc5 28. e3 Kf7 29. b4 Qc4 30. Bf1 Qe4 31. h4 d4 32. Qxd4 Qxd4 33. exd4 Bxa2
34. f4 a5 35. bxa5 bxa5 36. Kf2 a4 37. Ke3 a3 38. Kd2 Bb3 39. Kc3 a2 40. Kb2 Ke6
41. Bg2 Bc4 42. Be4 h6 43. h5 Kd6 44. Bf3 Kc7 45. Be4 Kb6 46. Bf3 Kb5 47. Be4
Kb4 48. Bf3 Bf7 49. g4 Kc4 50. Kxa2 Kxd4+ 51. Kb2 Ke3 52. Bd1 Kxf4 {White
resigns} 0-1

[Event "Team 45 45 League T50"]
[Site "Internet Chess Club"]
[Date "2011.09.17"]
[Round "6"]
[White "CaoCao"]
[Black "Sir-Sinister"]
[Result "1-0"]
[WhiteElo "1916"]
[BlackElo "1831"]
[Opening "Scotch gambit: Dubois-Réti defense"]
[ECO "C55"]
[Time "21:11:58"]
[TimeControl "2700+45"]

1. e4 Nc6 2. d4 e5 3. Nf3 exd4 4. Bc4 Nf6 5. e5 d5 6. Bb5 Ne4 7. Nxd4 Bd7 8.
Bxc6 bxc6 9. O-O Be7 10. f3 Ng5 11. f4 Ne4 12. Nd2 Nxd2 13. Bxd2 c5 14. Ne2 g6
15. a4 Rb8 16. b3 c6 17. Ng3 Bh4 18. f5 Bxg3 19. hxg3 Bxf5 20. Rxf5 gxf5 21. Qh5
Qd7 22. e6 Qe7 23. exf7+ Qxf7 24. Re1+ Kf8 25. Bh6+ Kg8 26. Qh4 Re8 27. Qg5+
{Black resigns} 1-0

[Event "Team 45 45 League T50"]
[Site "Internet Chess Club"]
[Date "2011.09.18"]
[Round "6"]
[White "Ptzz"]
[Black "Zumbi"]
[Result "0-1"]
[WhiteElo "2079"]
[BlackElo "2184"]
[Opening "QGD/QGD semi-Slav: Hastings variation"]
[ECO "D43"]
[Time "14:03:55"]
[TimeControl "2700+45"]

1. Nf3 d5 2. d4 Nf6 3. c4 e6 4. Nc3 c6 5. Bg5 h6 6. Bxf6 Qxf6 7. Qb3 a5 8. a3 a4
9. Nxa4 dxc4 10. Qc2 Qd8 11. e4 b5 12. Nc3 Nd7 13. Rd1 Qb6 14. e5 Be7 15. Be2
Bb7 16. O-O O-O 17. Rfe1 Rfd8 18. Rd2 Nf8 19. Red1 Rd7 20. h3 Ng6 21. Bf1 Rad8
22. b3 c5 23. bxc4 Bxf3 24. gxf3 cxd4 25. Nxb5 Bg5 26. c5 Qc6 27. Nxd4 Qc8 28.
c6 Bxd2 29. cxd7 Qxc2 30. Nxc2 Rxd7 31. Bb5 Rd8 32. Nb4 Nxe5 33. Nc6 Nxf3+ 34.
Kg2 Nh4+ 35. Kf1 Rd6 36. Ke2 Bf4 37. Rxd6 Bxd6 38. a4 Ng6 39. a5 Nf4+ 40. Kf3
Nxh3 41. a6 Bc5 42. a7 Bxa7 43. Nxa7 f5 44. Kg3 Ng5 45. f4 Ne4+ 46. Kf3 g5 47.
fxg5 hxg5 48. Nc6 Kf7 49. Bd3 Nc5 50. Bc4 Kf6 51. Nb4 Ne4 52. Bd3 g4+ 53. Ke3
Ng5 54. Bc4 Nf7 55. Nc6 Nd6 56. Ba6 e5 57. Nb4 f4+ 58. Kf2 e4 59. Nd5+ Ke5 60.
Ne7 e3+ 61. Ke2 Kd4 62. Nc6+ Kd5 63. Ne7+ Ke6 64. Ng6 Kf5 65. Ne7+ Kg5 66. Bd3
Nf7 67. Nd5 Ne5 68. Be4 Nc4 69. Nc7 Kf6 70. Bd5 Nd6 71. Bc6 Nf5 72. Nd5+ Ke5 73.
Nb4 Nd4+ 74. Kd3 e2 75. Kd2 f3 76. Nd3+ Kf5 77. Bd7+ Kg5 78. Ke3 g3 79. Bc8 f2
80. Nxf2 e1=Q+ {White resigns} 0-1

[Event "Team 45 45 League T50"]
[Site "Internet Chess Club"]
[Date "2011.09.18"]
[Round "6"]
[White "Despair"]
[Black "Tobiasdelmonte"]
[Result "1-0"]
[WhiteElo "1974"]
[BlackElo "1778"]
[Opening "Alekhine's defense: Steiner variation"]
[ECO "B02"]
[Time "10:00:23"]
[TimeControl "2700+45"]

1. e4 Nf6 2. e5 Nd5 3. c4 Nb6 4. b3 d6 5. exd6 cxd6 6. d4 g6 7. Bb2 Bg7 8. g3
O-O 9. Bg2 Nc6 10. Ne2 Bg4 11. f3 Bf5 12. O-O a5 13. Nbc3 Nb4 14. Qd2 Nd3 15. g4
Nxb2 16. gxf5 N2xc4 17. bxc4 Nxc4 18. Qd3 Rc8 19. f4 b6 20. fxg6 hxg6 21. Bd5 b5
22. Qxg6 Ne3 23. Qh5 e6 24. Be4 f5 25. Rf3 Ng4 26. Rg3 b4 27. Nd5 Rf7 28. Bf3
Rc2 29. Qg6 exd5 30. Bxd5 Qf6 31. Bxf7+ Qxf7 32. Rxg4 Rxe2 33. Rc1 Qxg6 34. Rxg6
Re7 35. Rxd6 Kh7 36. Rc5 a4 37. Rxf5 b3 38. axb3 axb3 39. Rh5+ Kg8 40. Rd8+ Kf7
41. Rb5 Re3 42. Rb7+ Kg6 43. Rg8 b2 44. Rgxg7+ Kf6 45. Rgf7+ Kg6 46. f5+ {Black
resigns} 1-0

[Event "Team 45 45 League T50"]
[Site "Internet Chess Club"]
[Date "2011.09.18"]
[Round "6"]
[White "mydogeatschess"]
[Black "cityprosecutor"]
[Result "1-0"]
[WhiteElo "1810"]
[BlackElo "1680"]
[Opening "Sicilian: closed, 2...Nc6"]
[ECO "B23"]
[Time "22:56:08"]
[TimeControl "2700+45"]

1. e4 c5 2. Nc3 Nc6 3. Bb5 d6 4. Bxc6+ bxc6 5. f4 e6 6. Nf3 Be7 7. d3 d5 8. O-O
Nf6 9. Qe1 O-O 10. b3 Ba6 11. Ba3 Bb5 12. e5 Nd7 13. Ne2 a5 14. c4 Ba6 15. Bb2
a4 16. f5 exf5 17. Ng3 f4 18. Nf5 d4 19. e6 fxe6 20. Qxe6+ Kh8 21. Nxe7 Re8 22.
Rae1 Nf6 23. Ng5 {Black resigns} 1-0

[Event "Team 45 45 League T50"]
[Site "Internet Chess Club"]
[Date "2011.09.18"]
[Round "6"]
[White "fledermaus"]
[Black "DreamCatcher13"]
[Result "0-1"]
[WhiteElo "1919"]
[BlackElo "2033"]
[Opening "Dutch defense"]
[ECO "A90"]
[Time "15:45:05"]
[TimeControl "2700+45"]

1. d4 f5 2. c4 Nf6 3. g3 e6 4. Bg2 d5 5. Nf3 c6 6. O-O Bd6 7. b3 Qe7 8. Qc2 O-O
9. Nbd2 b6 10. Ne5 Bb7 11. Bb2 Rc8 12. Nd3 Nbd7 13. Rac1 c5 14. dxc5 Nxc5 15.
Nxc5 Bxc5 16. Qd3 Rd8 17. Rfd1 Rac8 18. Qb1 Ng4 19. e3 f4 20. b4 Bxb4 21. exf4
Qc5 22. cxd5 Qxf2+ 23. Kh1 Bxd2 24. Rxc8 Rxc8 25. Qd3 Bxd5 26. Rg1 Bxg2+ 27.
Rxg2 Qe1+ 28. Rg1 Nf2+ {White resigns} 0-1

[Event "Team 45 45 League T50"]
[Site "Internet Chess Club"]
[Date "2011.09.18"]
[Round "6"]
[White "GeorgeCostanza"]
[Black "chessateer"]
[Result "1/2-1/2"]
[WhiteElo "1793"]
[BlackElo "1826"]
[Opening "Catalan: closed, 5.Nf3"]
[ECO "E06"]
[Time "13:00:28"]
[TimeControl "2700+45"]

1. d4 d5 2. c4 e6 3. Nf3 Nf6 4. g3 Be7 5. Bg2 O-O 6. O-O b6 7. cxd5 exd5 8. Qc2
Bb7 9. Bf4 Na6 10. Nc3 c5 11. e3 Ne4 12. h4 h6 13. h5 Nb4 14. Qb1 Qc8 15. a3
Nxc3 16. bxc3 Nc6 17. Ne5 Nxe5 18. Bxe5 Qg4 19. Qd1 Qxd1 20. Rfxd1 c4 21. Rdb1
Rad8 22. a4 Bc8 23. Bf3 Bd6 24. Bxd6 Rxd6 25. a5 Be6 26. Rb5 Rb8 27. Rab1 Kf8
28. Be2 Ke7 29. f3 a6 30. R5b4 {Game drawn by mutual agreement} 1/2-1/2

[Event "Team 45 45 League T50"]
[Site "Internet Chess Club"]
[Date "2011.09.15"]
[Round "6"]
[White "ddlj81"]
[Black "toukon"]
[Result "1-0"]
[WhiteElo "1801"]
[BlackElo "1713"]
[Opening "Sicilian: dragon, Yugoslav attack, Rauser variation"]
[ECO "B76"]
[Time "22:04:33"]
[TimeControl "2700+45"]

1. e4 c5 2. Nf3 d6 3. d4 cxd4 4. Nxd4 Nf6 5. Nc3 g6 6. Be3 Bg7 7. f3 O-O 8. Qd2
Nc6 9. O-O-O d5 10. exd5 Nxd5 11. Nxc6 bxc6 12. Nxd5 cxd5 13. Qxd5 Qc7 14. Qc5
Qb7 15. Qa3 Bf5 16. Ba6 Bxb2+ 17. Qxb2 Qxa6 18. Bh6 f6 19. Bxf8 Rxf8 20. Rhe1
Rc8 21. Rd2 Qa5 22. Rxe7 Rxc2+ 23. Rxc2 Kf8 24. Qxf6+ {Black resigns} 1-0

[Event "Team 45 45 League T50"]
[Site "Internet Chess Club"]
[Date "2011.09.17"]
[Round "6"]
[White "Packerfan"]
[Black "parrot9"]
[Result "1-0"]
[WhiteElo "1792"]
[BlackElo "1552"]
[Opening "Sicilian: Alapin's variation (2.c3)"]
[ECO "B22"]
[Time "09:31:02"]
[TimeControl "2700+45"]

1. e4 c5 2. c3 Nf6 3. e5 Nd5 4. d4 e6 5. Nf3 Nc6 6. c4 Ndb4 7. d5 exd5 8. cxd5
Nd4 9. Nxd4 cxd4 10. d6 Qa5 11. Bd2 Qxe5+ 12. Qe2 Nc2+ 13. Kd1 Qxe2+ 14. Bxe2
Nxa1 15. Bf4 f6 16. Na3 a6 17. Kd2 Nb3+ 18. axb3 b5 19. Nc2 Bb7 20. f3 g5 21.
Bg3 h5 22. h3 Bh6 23. Kd3 Kf7 24. Nxd4 Rhe8 25. Rc1 Bd5 26. Rc7 Be6 27. Nc6 Bxb3
28. Rxd7+ Kf8 29. Re7 Rxe7 30. Nxe7 Rd8 31. Kd4 Kf7 32. Kc5 Bf8 33. Nc6 Rd7 34.
Bd3 Ke6 35. Nd4+ Kf7 36. Nxb3 Rc7+ 37. Kb6 Rd7 38. Kc6 Ke8 39. Bf5 {Black
resigns} 1-0

[Event "Team 45 45 League T50"]
[Site "Internet Chess Club"]
[Date "2011.09.16"]
[Round "6"]
[White "charles-allen"]
[Black "Wheels"]
[Result "1/2-1/2"]
[WhiteElo "1889"]
[BlackElo "1814"]
[Opening "Sicilian"]
[ECO "B50"]
[Time "21:30:48"]
[TimeControl "2700+45"]

1. e4 c5 2. Nf3 d6 3. Bc4 Nf6 4. d3 g6 5. O-O Bg7 6. c3 Nc6 7. Re1 O-O 8. Bb3
Qc7 9. Bf4 Nh5 10. Bg5 Na5 11. Bc2 b5 12. Nbd2 Bb7 13. d4 cxd4 14. Nxd4 a6 15.
Rc1 Rac8 16. Bd3 h6 17. Be3 Nc6 18. Nxc6 Qxc6 19. Bd4 Nf4 20. Bf1 d5 21. Bxg7
Kxg7 22. e5 Qe6 23. Nf3 Qg4 24. g3 Nh3+ 25. Bxh3 Qxh3 26. Nd4 h5 27. Qf3 h4 28.
Qg2 Qxg2+ {Game drawn by mutual agreement} 1/2-1/2

[Event "Team 45 45 League T50"]
[Site "Internet Chess Club"]
[Date "2011.09.18"]
[Round "6"]
[White "Philly-Boy"]
[Black "flyingpawns"]
[Result "1-0"]
[WhiteElo "1917"]
[BlackElo "1724"]
[Opening "QGD: Orthodox defense, Rubinstein attack, Karlsbad variation"]
[ECO "D64"]
[Time "19:14:20"]
[TimeControl "2700+45"]

1. d4 d5 2. c4 c6 3. Nf3 Nf6 4. Nc3 e6 5. Bg5 Nbd7 6. e3 Be7 7. Rc1 O-O 8. Qc2
a6 9. Bd3 dxc4 10. Bxc4 Nd5 11. Bxe7 Qxe7 12. e4 Nxc3 13. Qxc3 b5 14. Bd3 Bb7
15. b4 Rac8 16. e5 Nb6 17. a3 Nd5 18. Qc5 Qd7 19. O-O Rfd8 20. Be4 Qc7 21. Qc2
h6 22. Bxd5 Rxd5 23. Qb2 Rcd8 24. Rc5 Qb6 25. Rfc1 a5 26. h3 axb4 27. axb4 Ra8
28. Rxd5 cxd5 29. Ra1 Ra6 30. Rxa6 Qxa6 31. Nd2 Qa4 32. Qc3 Qd1+ 33. Kh2 Qe2 34.
Qe3 Qh5 35. Nb3 Qg6 36. Nc5 Bc6 37. Nd3 Be8 38. Nf4 Qb1 39. Qc3 Qa2 40. Qg3 Qd2
41. Nh5 g6 42. Nf6+ Kf8 43. Qe3 Qxe3 44. fxe3 Ke7 45. Kg3 h5 46. Kf4 Bd7 47. Kg5
Bc6 48. g3 Bb7 49. Kh6 Bc6 50. Kg7 Be8 51. Ng8+ Kd8 52. Kf6 Kd7 53. Nh6 {Black
resigns} 1-0

[Event "Team 45 45 League T50"]
[Site "Internet Chess Club"]
[Date "2011.09.20"]
[Round "6"]
[White "BrerRabbit"]
[Black "LazyPeon"]
[Result "0-1"]
[WhiteElo "1520"]
[BlackElo "1724"]
[Opening "English, 1...Nf6 (Anglo-Indian defense)"]
[ECO "A15"]
[Time "10:48:25"]
[TimeControl "2700+45"]

1. c4 Nf6 2. g3 e5 3. Bg2 d5 4. cxd5 Nxd5 5. Nc3 Nb6 6. Nf3 Nc6 7. O-O Be6 8. a3
Be7 9. b4 O-O 10. Rb1 a6 11. d3 Qd7 12. Bb2 f5 13. Qd2 Rad8 14. Qc2 Bf6 15. Rbc1
Nd4 16. Nxd4 exd4 17. Nb1 c6 18. Nd2 Nd5 19. Nc4 f4 20. Nd2 fxg3 21. hxg3 Bg5
22. Rb1 Bh3 23. Ne4 Bxg2 24. Kxg2 Be3 25. Bc1 Bxc1 26. Rbxc1 Qg4 27. Rh1 Nf4+
28. Kf1 Nd5 29. Kg2 Rf5 30. Qd2 Rdf8 31. Rc4 Nf4+ 32. Kf1 Nh3 33. f3 Ng5 34. Ke1
Nxe4 35. fxg4 Nxd2 36. Kxd2 Re5 37. Rxd4 Rf2 38. Re4 Rxe4 39. dxe4 Rg2 40. Rh3
h6 41. Ke3 Kf7 42. Kf3 Rg1 43. Kf4 Ra1 44. g5 hxg5+ 45. Kxg5 Rxa3 46. Kf5 Rb3
47. Ke5 Rxb4 48. g4 a5 49. Re3 a4 50. Kd6 Rb3 51. Rf3+ Rxf3 52. exf3 a3 53. Kd7
a2 54. e5 a1=Q 55. e6+ Kg6 56. e7 Qd4+ 57. Ke6 Qd5# {White checkmated} 0-1